NYP
ABERDEEN IRONBIRDS @ STATEN ISLAND YANKEES
07/18/2047
 
TOP OF THE 1ST
Aberdeen Ironbirds batting - Pitching for Staten Island Yankees : RHP Bobby McDonnell
Pitching: RHP Bobby McDonnell
Batting: RHB Josh Hopp 0-0: Called Strike
0-1: Ball
1-1: Ball
2-1: Ball
3-1: Swinging Strike
3-2: Strikes out looking
Batting: LHB Adam Oldfield 0-0: Ball
1-0: Swinging Strike
1-1: Ground out 5-3 (Groundball, 56, EV 77.5 MPH)
Batting: RHB Matt O'Dea 0-0: Ball
1-0: Called Strike
1-1: Ball
2-1: Ball
3-1: Foul Ball, location: 2F
3-2: SINGLE (Groundball, 56S, EV 73.8 MPH) (infield hit)
Batting: RHB Daniel Jackson 0-0: Ball
1-0: Called Strike
1-1: Ground out 1-3 (Groundball, 15S, EV 69.4 MPH)
Top of the 1st over - 0 runs, 1 hit, 0 errors, 1 left on base; Aberdeen 0 - Staten Island 0
BOTTOM OF THE 1ST
Staten Island Yankees batting - Pitching for Aberdeen Ironbirds : RHP Jonathan Spicer
Pitching: RHP Jonathan Spicer
Batting: RHB Norimoto Miyanishi 0-0: Ball
1-0: Ball
2-0: Ball
3-0: Base on Balls
Batting: SHB Corey Penson 0-0: Foul Ball, location: 2F
0-1: Foul Ball, location: 2F
0-2: Foul Ball, location: 2F
0-2: Ball
1-2: Foul Ball, location: 2F
1-2: Foul Ball, location: 2F
1-2: Strikes out swinging
Batting: RHB Nick Murray 0-0: Swinging Strike
0-1: Swinging Strike
0-2: Strikes out swinging
Norimoto Miyanishi steals 2nd base (no throw)
Batter strikes out.
Batting: RHB Brian Warren 0-0: Called Strike
0-1: Ball
1-1: Ground out 5-3 (Groundball, 5L, EV 93.8 MPH)
Bottom of the 1st over - 0 runs, 0 hits, 0 errors, 1 left on base; Aberdeen 0 - Staten Island 0
TOP OF THE 2ND
Aberdeen Ironbirds batting - Pitching for Staten Island Yankees : RHP Bobby McDonnell
Batting: RHB Wes Reynolds 0-0: Called Strike
0-1: Foul Ball, location: 2F
0-2: Fly out, F7 (Line Drive, 7S, EV 106.2 MPH)
Batting: RHB Mike Zepeda 0-0: Ball
1-0: Fly out, F9 (Flyball, 89M, EV 98.8 MPH)
Batting: LHB Ralph Braine 0-0: Hit by Pitch
Batting: RHB Marquis Major 0-0: Called Strike
Ralph Braine steals 2nd base
0-1: Foul Ball, location: 2F
0-2: Ball
1-2: Fly out, F7 (Line Drive, 7, EV 90.0 MPH)
Top of the 2nd over - 0 runs, 0 hits, 0 errors, 1 left on base; Aberdeen 0 - Staten Island 0
BOTTOM OF THE 2ND
Staten Island Yankees batting - Pitching for Aberdeen Ironbirds : RHP Jonathan Spicer
Batting: SHB Josh Parker 0-0: Ball
1-0: Foul Ball, location: 2F
1-1: Fly out, F8 (Flyball, 89S, EV 82.5 MPH)
Batting: RHB Pat Pemberton 0-0: Called Strike
0-1: Fly out, F8 (Flyball, 78S, EV 89.4 MPH)
Batting: RHB Francisco Vargas 0-0: Ball
1-0: Called Strike
1-1: Ball
2-1: Foul Ball, location: 2F
2-2: Ball
3-2: Foul Ball, location: 2F
3-2: Base on Balls
Batting: RHB Nate Singleton 0-0: Ball
1-0: Ball
2-0: Ball
3-0: Base on Balls
Francisco Vargas to second
Batting: SHB Adam Slade 0-0: Ball
1-0: Called Strike
1-1: Swinging Strike
1-2: Strikes out swinging
Bottom of the 2nd over - 0 runs, 0 hits, 0 errors, 2 left on base; Aberdeen 0 - Staten Island 0
TOP OF THE 3RD
Aberdeen Ironbirds batting - Pitching for Staten Island Yankees : RHP Bobby McDonnell
Batting: RHB Matt Berrier 0-0: Ball
1-0: Fly out, F6 (Line Drive, 6, EV 68.1 MPH)
Batting: RHB Josh Hopp 0-0: DOUBLE (Line Drive, 78D, EV 107.5 MPH)
Batting: LHB Adam Oldfield 0-0: Fly out, F9 (Line Drive, 89M, EV 84.4 MPH)
Batting: RHB Matt O'Dea 0-0: Called Strike
0-1: Swinging Strike
0-2: Strikes out swinging
Top of the 3rd over - 0 runs, 1 hit, 0 errors, 1 left on base; Aberdeen 0 - Staten Island 0
BOTTOM OF THE 3RD
Staten Island Yankees batting - Pitching for Aberdeen Ironbirds : RHP Jonathan Spicer
Batting: RHB Norimoto Miyanishi 0-0: Called Strike
0-1: SINGLE (Groundball, 6MD, EV 100.0 MPH)
Batting: SHB Corey Penson 0-0: Called Strike
Norimoto Miyanishi is caught stealing 2nd base 2-6
0-1: Called Strike
0-2: Strikes out swinging
Batting: RHB Nick Murray 0-0: Ground out 5-3 (Groundball, 5L, EV 83.1 MPH)
Bottom of the 3rd over - 0 runs, 1 hit, 0 errors, 0 left on base; Aberdeen 0 - Staten Island 0
TOP OF THE 4TH
Aberdeen Ironbirds batting - Pitching for Staten Island Yankees : RHP Bobby McDonnell
Batting: RHB Daniel Jackson 0-0: Called Strike
0-1: Fly out, F8 (Flyball, 8RS, EV 87.5 MPH)
Batting: RHB Wes Reynolds 0-0: Ball
1-0: Called Strike
1-1: Foul Ball, location: 2F
1-2: Strikes out swinging
Batting: RHB Mike Zepeda 0-0: TRIPLE (Groundball, 5L, EV 98.1 MPH)
Batting: LHB Ralph Braine 0-0: Ball
1-0: Called Strike
1-1: Foul Ball, location: 2F
1-2: Ground out U3 (Groundball, 34, EV 83.1 MPH)
Top of the 4th over - 0 runs, 1 hit, 0 errors, 1 left on base; Aberdeen 0 - Staten Island 0
BOTTOM OF THE 4TH
Staten Island Yankees batting - Pitching for Aberdeen Ironbirds : RHP Jonathan Spicer
Batting: RHB Brian Warren 0-0: Ball
1-0: Swinging Strike
1-1: Called Strike
1-2: Foul Ball, location: 2F
1-2: Ground out 5-3 (Groundball, 5L, EV 93.1 MPH)
Batting: SHB Josh Parker 0-0: Called Strike
0-1: Ball
1-1: Ball
2-1: Foul Ball, location: 2F
2-2: Strikes out swinging
Batting: RHB Pat Pemberton 0-0: Foul Ball, location: 2F
0-1: Called Strike
0-2: Ball
1-2: Ball
2-2: Foul Ball, location: 2F
2-2: Ball
3-2: Foul Ball, location: 2F
3-2: Strikes out swinging
Bottom of the 4th over - 0 runs, 0 hits, 0 errors, 0 left on base; Aberdeen 0 - Staten Island 0
TOP OF THE 5TH
Aberdeen Ironbirds batting - Pitching for Staten Island Yankees : RHP Bobby McDonnell
Batting: RHB Marquis Major 0-0: Swinging Strike
0-1: Called Strike
0-2: DOUBLE (Line Drive, 7LM, EV 106.9 MPH)
Batting: RHB Matt Berrier 0-0: Fly out, F7 (Line Drive, 78M, EV 93.1 MPH)
Batting: RHB Josh Hopp 0-0: Foul Ball, location: 2F
0-1: Swinging Strike
0-2: Foul Ball, location: 2F
0-2: Ball
1-2: Ball
2-2: Ground out 5-3 (Groundball, 56, EV 98.8 MPH)
Batting: LHB Adam Oldfield 0-0: Swinging Strike
0-1: Ball
1-1: Ball
2-1: TRIPLE (Groundball, 3L, EV 106.9 MPH)
Marquis Major scores
Batting: RHB Matt O'Dea 0-0: Ball
1-0: Swinging Strike
1-1: Ball
2-1: Fly out, F9 (Flyball, 9, EV 90.6 MPH)
Top of the 5th over - 1 run, 2 hits, 0 errors, 1 left on base; Aberdeen 1 - Staten Island 0
BOTTOM OF THE 5TH
Staten Island Yankees batting - Pitching for Aberdeen Ironbirds : RHP Jonathan Spicer
Batting: RHB Francisco Vargas 0-0: Ball
1-0: Called Strike
1-1: Ground out 5-3 (Groundball, 56, EV 102.5 MPH)
Batting: RHB Nate Singleton 0-0: Called Strike
0-1: Foul Ball, location: 2F
0-2: Ball
1-2: Strikes out swinging
Batting: SHB Adam Slade 0-0: Ball
1-0: Ball
2-0: Ball
3-0: Called Strike
3-1: Fly out, F4 (Popup, 23, EV 86.9 MPH)
Bottom of the 5th over - 0 runs, 0 hits, 0 errors, 0 left on base; Aberdeen 1 - Staten Island 0
TOP OF THE 6TH
Aberdeen Ironbirds batting - Pitching for Staten Island Yankees : RHP Bobby McDonnell
Batting: RHB Daniel Jackson 0-0: Called Strike
0-1: Foul Ball, location: 2F
0-2: Strikes out swinging
Batting: RHB Wes Reynolds 0-0: Foul Ball, location: 2F
0-1: Ball
1-1: Foul Ball, location: 2F
1-2: Ball
2-2: Foul Ball, location: 2F
2-2: Ball
3-2: Foul Ball, location: 2F
3-2: Base on Balls
Batting: RHB Mike Zepeda 0-0: Called Strike
0-1: Ball
1-1: Ball
2-1: Called Strike
Wes Reynolds steals 2nd base (no throw)
2-2: Ball
3-2: Base on Balls
Batting: LHB Ralph Braine 0-0: Called Strike
0-1: Ball
1-1: Ball
2-1: Swinging Strike
2-2: Fly out, F8 (Flyball, 89D, EV 93.8 MPH)
Runner from 2nd tags up, SAFE at 3rd, no throw by CF
Batting: RHB Marquis Major 0-0: Ball
1-0: Ball
2-0: Swinging Strike
2-1: Called Strike
2-2: Foul Ball, location: 2F
2-2: Foul Ball, location: 2F
2-2: Strikes out swinging
Top of the 6th over - 0 runs, 0 hits, 0 errors, 2 left on base; Aberdeen 1 - Staten Island 0
BOTTOM OF THE 6TH
Staten Island Yankees batting - Pitching for Aberdeen Ironbirds : RHP Jonathan Spicer
Batting: RHB Norimoto Miyanishi 0-0: Swinging Strike
0-1: Ball
1-1: Foul Ball, location: 2F
1-2: Ball
2-2: Ball
3-2: Strikes out swinging
Batting: SHB Corey Penson 0-0: Ball
1-0: DOUBLE (Line Drive, 89D, EV 99.4 MPH)
Pitching: RHP Art Boulter
Batting: RHB Nick Murray 0-0: Swinging Strike
0-1: Ball
1-1: Swinging Strike
1-2: Strikes out swinging
Batting: RHB Brian Warren 0-0: Called Strike
0-1: Ball
1-1: Ball
2-1: Ball
Wild Pitch!
Corey Penson to third
3-1: Foul Ball, location: 2F
3-2: DOUBLE (Line Drive, 9LS, EV 95.0 MPH)
Corey Penson scores
Batting: SHB Josh Parker 0-0: Called Strike
0-1: Ball
1-1: Ball
2-1: Foul Ball, location: 2F
2-2: 2-RUN HOME RUN (Flyball, 9D, EV 94.4 MPH), Distance : 382 ft
Batting: RHB Pat Pemberton 0-0: Called Strike
0-1: Ball
1-1: Ball
2-1: Ground out 6-3 (Groundball, 6, EV 101.9 MPH)
Bottom of the 6th over - 3 runs, 3 hits, 0 errors, 0 left on base; Aberdeen 1 - Staten Island 3
TOP OF THE 7TH
Aberdeen Ironbirds batting - Pitching for Staten Island Yankees : RHP Bobby McDonnell
Pitching: RHP Gary Salazar
Batting: RHB Matt Berrier 0-0: Called Strike
0-1: Ball
1-1: Called Strike
1-2: Ball
2-2: Strikes out swinging
Batting: RHB Josh Hopp 0-0: Ball
1-0: Called Strike
1-1: Ball
2-1: Ball
3-1: Base on Balls
Batting: LHB Adam Oldfield 0-0: Ball
1-0: Called Strike
Josh Hopp steals 2nd base
1-1: Ball
2-1: Ball
3-1: Swinging Strike
3-2: Strikes out swinging
Batting: RHB Matt O'Dea 0-0: Called Strike
0-1: Foul Ball, location: 2F
0-2: Ground out 4-3 (Groundball, 34, EV 86.2 MPH)
Top of the 7th over - 0 runs, 0 hits, 0 errors, 1 left on base; Aberdeen 1 - Staten Island 3
BOTTOM OF THE 7TH
Staten Island Yankees batting - Pitching for Aberdeen Ironbirds : RHP Art Boulter
Batting: RHB Francisco Vargas 0-0: Called Strike
0-1: Ball
1-1: Ball
2-1: Foul Ball, location: 2F
2-2: Ball
3-2: Base on Balls
Batting: RHB Nate Singleton 0-0: Called Strike
Francisco Vargas steals 2nd base
0-1: Ground out 4-3 (Groundball, 4, EV 83.1 MPH)
Francisco Vargas to third
Batting: SHB Adam Slade 0-0: Intentional Walk
Batting: RHB Norimoto Miyanishi 0-0: Ball
1-0: Ball
2-0: SINGLE (Line Drive, 89M, EV 108.8 MPH)
Francisco Vargas scores
Adam Slade to second
Batting: SHB Corey Penson 0-0: Called Strike
0-1: Swinging Strike
0-2: Strikes out looking
Pitching: RHP Jose Santos
Batting: RHB Nick Murray 0-0: Called Strike
0-1: Foul Ball, location: 2F
0-2: Ball
1-2: Ball
2-2: Ball
3-2: Base on Balls
Adam Slade to third
Norimoto Miyanishi to second
Batting: RHB Brian Warren 0-0: Called Strike
0-1: Ball
1-1: Called Strike
1-2: Strikes out swinging
Bottom of the 7th over - 1 run, 1 hit, 0 errors, 3 left on base; Aberdeen 1 - Staten Island 4
TOP OF THE 8TH
Aberdeen Ironbirds batting - Pitching for Staten Island Yankees : RHP Gary Salazar
Pitching: RHP David Durr
Now in LF: Francisco Vargas
Now in RF: Joe Vida
Batting: RHB Daniel Jackson 0-0: Ball
1-0: SINGLE (Line Drive, 4MD, EV 106.2 MPH)
Batting: RHB Wes Reynolds 0-0: Ball
1-0: Ball
2-0: Called Strike
2-1: SINGLE (Groundball, 13, EV 82.5 MPH) (infield hit)
Daniel Jackson to second
Batting: RHB Mike Zepeda 0-0: Called Strike
0-1: Foul Ball, location: 2F
0-2: Fly out, F7 (Line Drive, 78M, EV 103.1 MPH)
Batting: LHB Ralph Braine 0-0: Swinging Strike
0-1: Foul Ball, location: 2F
0-2: Ball
1-2: Strikes out swinging
Batting: RHB Marquis Major 0-0: Fly out, F9 (Flyball, 9S, EV 91.2 MPH)
Top of the 8th over - 0 runs, 2 hits, 0 errors, 2 left on base; Aberdeen 1 - Staten Island 4
BOTTOM OF THE 8TH
Staten Island Yankees batting - Pitching for Aberdeen Ironbirds : RHP Jose Santos
Batting: SHB Josh Parker 0-0: Ball
1-0: Foul Ball, location: 2F
1-1: Ground out 4-3 (Groundball, 4S, EV 88.1 MPH)
Batting: LHB Joe Vida 0-0: Ball
1-0: Called Strike
1-1: Foul Ball, location: 2F
1-2: Foul Ball, location: 2F
1-2: Strikes out swinging
Batting: RHB Francisco Vargas 0-0: Foul Ball, location: 2F
0-1: Called Strike
0-2: Ball
1-2: Strikes out looking
Bottom of the 8th over - 0 runs, 0 hits, 0 errors, 0 left on base; Aberdeen 1 - Staten Island 4
TOP OF THE 9TH
Aberdeen Ironbirds batting - Pitching for Staten Island Yankees : RHP David Durr
Batting: RHB Matt Berrier 0-0: Ball
1-0: SINGLE (Groundball, 6MD, EV 95.6 MPH)
Batting: RHB Josh Hopp 0-0: Ball
1-0: Called Strike
1-1: Swinging Strike
1-2: Strikes out looking
Pitching: RHP Chris Hodge
Batting: LHB Adam Oldfield 0-0: Fly out, F5 (Line Drive, 5L, EV 68.1 MPH)
Batting: RHB Matt O'Dea 0-0: Ball
1-0: Ball
2-0: Ball
3-0: Called Strike
3-1: Base on Balls
Matt Berrier to second
Batting: RHB Daniel Jackson 0-0: Called Strike
0-1: Called Strike
0-2: SINGLE (Line Drive, 9S, EV 95.0 MPH)
Matt Berrier to third
Matt O'Dea to second
Batting: RHB Wes Reynolds 0-0: Called Strike
0-1: Ball
1-1: Foul Ball, location: 2F
1-2: Strikes out swinging
Top of the 9th over - 0 runs, 2 hits, 0 errors, 3 left on base; Aberdeen 1 - Staten Island 4
Thursday, December 15th , 2022 - OOTP Baseball 23.9 Build 102